 Dungeon Crawl Stone Soup version 0.31-a0-202-g547052bce9 (webtiles) character file.

Game seed: 15039410486437384739

508 qw the Skirmisher (level 6, -1/35 HPs)
             Began as a Deep Elf Hunter on June 26, 2023.
             Was an Initiate of Okawaru.
             Slain by Dowan
             ... wielding a +0 dagger
              (3 damage)
             ... on level 5 of the Dungeon.
             The game lasted 00:01:23 (3535 turns).

qw the Skirmisher (Deep Elf Hunter)                 Turns: 3535, Time: 00:01:24

Health: -1/35      AC:  5    Str: 10    XL:     6   Next: 98%
Magic:  8/8        EV: 12    Int: 14    God:    Okawaru [......]
Gold:   360        SH:  0    Dex: 18    Spells: 5/5 levels left

rFire   . . .        Y - +0 shortbow (freeze)
rCold   + . .        (shield currently unavailable)
rNeg    . . .        l - +0 ring mail
rPois   .            (no helmet)
rElec   .            (no cloak)
rCorr   .            (no gloves)
SInv    .            (no boots)
Will    .....        (no amulet)
Stlth   +            b - ring of protection from cold
HPRegen 0.25/turn    (no ring)
MPRegen 0.11/turn

%: no passive effects
@: no status effects
A: no striking features
a: Renounce Religion


You were on level 5 of the Dungeon.
You worshipped Okawaru.
Okawaru was noncommittal.
You visited 2 branches of the dungeon, and saw 6 of its levels.

You collected 360 gold pieces.


   Skills:
 - Level 2.0 Fighting
 + Level 10.1 Ranged Weapons
 - Level 4.2 Dodging
 - Level 1.2 Stealth


You had 5 spell levels left.
You didn't know any spells.
Your spell library was empty.

Inventory:

Hand Weapons
 Y - a +0 shortbow of freezing (weapon)
Armour
 l - a +0 ring mail (worn)
Jewellery
 b - a ring of protection from cold (left hand)
 o - a ring of ice
Scrolls
 g - a scroll of identify
 i - 3 scrolls of immolation {unknown}
Potions
 a - a potion of attraction {unknown}
 c - a potion of degeneration {unknown}
 d - a potion of curing
 e - a potion of invisibility {unknown}
 f - a potion of enlightenment {unknown}
 h - a potion of brilliance {unknown}
 j - a potion of resistance
 k - a potion of ambrosia {unknown}
 n - a potion of lignification {unknown}

Dungeon Overview and Level Annotations

Branches:
Dungeon (5/15)             Temple (1/1) D:4

Altars:
Ashenzari
Cheibriados
Dithmenos
Fedhas
Gozag
Hepliaklqana
Kikubaaqudgha
Makhleb
Nemelex Xobeh
Okawaru
Qazlal
Ru
Sif Muna
Trog
Uskayaw
Vehumet
Wu Jian
Xom
Yredelemnul
Zin
The Shining One

Annotations:
D:1 1 runed translucent door
D:5 Dowan


Message History

Duvessa is severely wounded.
Duvessa hits you with a +0 short sword! The quokka barely misses you.
You shoot an arrow. The arrow hits Duvessa!
The arrow freezes Duvessa.
You kill Duvessa!
Okawaru accepts your kill.
Dowan seems overcome with grief.
Dowan seems to find hidden reserves of power!
Dowan casts a spell at you. The stone arrow hits you!!
Ouch! That really hurt!
The quokka twitches its whiskers.
The quokka closely misses you.
Your Dodging skill gained 2 levels and is now at level 4!
You shoot an arrow. The arrow misses the quokka.
The quokka barely misses you.
The quokka bites you but does no damage.
You shoot an arrow. The arrow barely misses the quokka.
The quokka barely misses you.
You shoot an arrow. The arrow barely misses the quokka.
The quokka barely misses you.
You shoot an arrow. The arrow hits the quokka!
The arrow freezes the quokka.
You kill the quokka!
Okawaru accepts your kill.
You start resting.
Dowan is nearby!
You shoot an arrow. The arrow hits Dowan.
The arrow freezes Dowan.
Dowan is lightly wounded.
Dowan hits you with a +0 dagger. Dowan barely misses you.
You shoot an arrow. The arrow misses Dowan.
Dowan gestures wildly while chanting.
Dowan blinks!
Dowan casts a spell.
Dowan blinks!
You shoot an arrow.
The arrow hits Dowan but does no damage.
Dowan is lightly wounded.
Dowan barely misses you.
You shoot an arrow. The arrow closely misses Dowan.
Dowan barely misses you. Dowan hits you with a +0 dagger.
You die...

#######################
................e......
...............@.......
########'##.#####ยค..#...
..##.##..##+### .###
................ ..
................ ..#
................ ..#
................ ..#
................ ..#
%###..##.##.#..#


You could see Dowan (fast, resistant).

Vanquished Creatures
  Duvessa (D:5)
  A black bear (D:5)
  A kobold brigand (D:4)
  A jelly (D:3)
  A sleepcap (D:5)
  7 adders
  A white imp (D:5)
  A worm (D:3)
  4 dart slugs
  4 orcs (D:4)
  7 endoplasms
  16 giant cockroaches
  7 goblins
  5 hobgoblins
  6 quokkas
  4 ball pythons
  6 bats
  6 frilled lizards
  22 kobolds
  8 rats
109 creatures vanquished.

Notes
Turn   | Place    | Note
-------+----------+-------------------------------------------
     0 | D:1      | qw the Deep Elf Hunter began the quest for the Orb.
     0 | D:1      | Reached XP level 1. HP: 12/12 MP: 3/3
     0 | D:1      | 0 ||| qw: Version: 0.3-a-22-g0ed2b0b
     0 | D:1      | 0 ||| qw: Game counter: 5922
     0 | D:1      | 0 ||| qw: Melee chars always use a shield: true
     0 | D:1      | 0 ||| qw: God list: Okawaru
     0 | D:1      | 0 ||| qw: Allow faded altars: false
     0 | D:1      | 0 ||| qw: Do Orc after clearing Dungeon:15 true
     0 | D:1      | 0 ||| qw: Do second Lair branch before Depths: true
     0 | D:1      | 0 ||| qw: Lair rune preference: random
     0 | D:1      | 0 ||| qw: Goals: Normal
     0 | D:1      | 0 ||| PLANNING D:1-11
     1 | D:1      | Found a runed translucent door.
   141 | D:1      | Found a faded altar of an unknown god.
   152 | D:1      | Reached XP level 2. HP: 16/16 MP: 4/4
   259 | D:1      | Reached skill level 6 in Ranged Weapons
   750 | D:1      | 750 ||| DROPPING amulet of magic regeneration.
   751 | D:1      | 751 ||| READING scroll labelled RAALUO YDOMYAGG.
   752 | D:1      | 752 ||| READING scroll labelled ABACARHIEWU.
   753 | D:1      | 753 ||| READING scroll labelled ITIUNA CAKHA.
   754 | D:1      | 754 ||| DROPPING scroll of butterflies.
   763 | D:2      | 763 ||| STAIRDANCE
   801 | D:2      | Reached XP level 3. HP: 20/20 MP: 5/5
  1455 | D:2      | 1455 ||| UPGRADING to ring of protection from cold.
  1456 | D:2      | 1456 ||| READING scroll labelled COFOICIOJO.
  1516 | D:3      | Reached skill level 7 in Ranged Weapons
  1628 | D:3      | Reached XP level 4. HP: 25/25 MP: 6/6
  1932 | D:3      | Reached skill level 8 in Ranged Weapons
  2006 | D:3      | Reached XP level 5. HP: 29/29 MP: 7/7
  2237 | D:3      | 2237 ||| UPGRADING to +0 ring mail.
  2247 | D:3      | 2247 ||| DROPPING +0 leather armour.
  2248 | D:3      | 2248 ||| READING scroll labelled NIJESK USEOLU.
  2252 | D:3      | 2252 ||| READING scroll labelled ZAATWO VYID.
  2253 | D:3      | 2253 ||| READING scroll labelled CITHEF IWEMN.
  2354 | D:3      | 2354 ||| READING 2 scrolls of identify.
  2354 | D:3      | 2354 ||| IDENTIFYING fuming sapphire potion
  2520 | D:4      | 2520 ||| FLEEEEING.
  2521 | D:4      | 2521 ||| FLEEEEING.
  2522 | D:4      | 2522 ||| FLEEEEING.
  2523 | D:4      | 2523 ||| FLEEEEING.
  2524 | D:4      | 2524 ||| FLEEEEING.
  2525 | D:4      | 2525 ||| FLEEEEING.
  2526 | D:4      | 2526 ||| FLEEEEING.
  2530 | D:4      | 2530 ||| FLEEEEING.
  2531 | D:4      | 2531 ||| FLEEEEING.
  2532 | D:4      | 2532 ||| FLEEEEING.
  2533 | D:4      | 2533 ||| FLEEEEING.
  2534 | D:4      | 2534 ||| FLEEEEING.
  2535 | D:4      | 2535 ||| FLEEEEING.
  2536 | D:4      | 2536 ||| FLEEEEING.
  2616 | D:4      | 2616 ||| Stepping ~*~*~tactically~*~*~ (outnumbered).
  2623 | D:4      | Reached skill level 9 in Ranged Weapons
  2631 | D:4      | HP: 7/29 [kobold/+0 dagger (2)]
  2633 | D:4      | HP: 3/29 [kobold/+0 whip (4)]
  2879 | D:4      | Reached XP level 6. HP: 35/35 MP: 8/8
  2905 | D:4      | Found a staircase to the Ecumenical Temple.
  2906 | D:4      | 2906 ||| PLANNING TEMPLE
  2906 | D:4      | 2906 ||| DROPPING +3 leather armour.
  2907 | D:4      | 2907 ||| READING scroll labelled VAURAUXK BEADE.
  2915 | Temple   | Entered the Ecumenical Temple
  3004 | Temple   | 3004 ||| PLANNING OKAWARU WORSHIP
  3067 | Temple   | Became a worshipper of Warmaster Okawaru
  3068 | Temple   | 3068 ||| PLANNING D:1-11
  3423 | D:5      | Entered Level 5 of the Dungeon
  3479 | D:5      | Reached skill level 10 in Ranged Weapons
  3515 | D:5      | Noticed Duvessa
  3515 | D:5      | Noticed Dowan
  3526 | D:5      | Killed Duvessa
  3526 | D:5      | HP: 4/35 [Dowan/stone arrow (20)]
  3532 | D:5      | HP: 1/35 [Dowan/+0 dagger (4)]
  3535 | D:5      | Slain by Dowan

Levels and vault maps discovered:
D:1:      dpeg_arrival_caged_fury, layout_basic, ebering_ecumenical_altar_mist,
          roderic_lattice_a
D:2:      layout_loops_corners, st_stairs_12
D:3:      minmay_roachtagon, layout_loops_cross
D:4:      kennysheep_kobold_camp, layout_basic, minmay_temple_entry_mini_moons
D:5:      layout_gridville, small_statue_intersection, uniq_duvessa,
          uniq_prince_ribbit1
Temple:   kilobyte_greek_temple

Skill      XL: |  1  2  3  4  5  6 |
---------------+-------------------+-----
Ranged Weapons | 6 7 8 9 10 | 10.1
Fighting       | 2 |  2.0
Dodging        | 4 |  4.2
Stealth        | |  1.2

Action                     |  1- 3 |  4- 6 || total
---------------------------+-------+-------++-------
   Fire: Shortbow          |   106 |   190 ||   296
    Use: Scroll            |     4 |     5 ||     9
 Armour: Leather armour    |     8 |     9 ||    17
         Ring mail         |       |    18 ||    18
  Dodge: Dodged            |    13 |    59 ||    72

Table legend:
 A = Non-vault XP
 B = Vault XP
 C = Vault XP percentage of total XP
 D = Non-vault monster count
 E = Vault monster count
 F = Vault count percentage of total count
                 A         B        C        D         E       F
            +---------+---------+-------+---------+---------+-------
      Total |     432 |     295 |  40.6 |      73 |      36 |  33.0
            +---------+---------+-------+---------+---------+-------
        D:1 |      37 |       0 |   0.0 |      24 |       0 |   0.0
        D:2 |      19 |       3 |  13.6 |      13 |       2 |  13.3
        D:3 |     127 |      24 |  15.9 |      19 |      12 |  38.7
        D:4 |      66 |     126 |  65.6 |      13 |      21 |  61.8
        D:5 |     183 |     142 |  43.7 |       4 |       1 |  20.0
            +---------+---------+-------+---------+---------+-------
